Tigers vs Crunch

Created - Thursday, October 16, 2014 at 20:50

Goals
1 2 3 T
Tigers 1 2 1 4
Crunch 0 0 1 1
Shots
1 2 3 T
Tigers 6 11 5 22
Crunch 6 11 16 33

1st period

1. Tigers , Alexander Khokhlachev 2 (Jed Ortmeyer, Connor Carrick) at 0:49 (PP)

Penalties :
Andre Petersson (SYR) for Hooking (Minor) at 0:22, Nolan Yonkman (BRI) for Holding (Minor) at 1:16, Jordin Tootoo (SYR) for Hooking (Minor) at 10:51

2nd period

2. Tigers , Connor Carrick 2 (Alexander Khokhlachev) at 8:58 (PP)
3. Tigers , Connor Carrick 3 (Jed Ortmeyer) at 14:14

Penalties :
Harry Zolnierczyk (BRI) for Holding (Minor) at 4:28, Danny Syvret (SYR) for Fighting (Major) at 8:04, Will Weber (BRI) for Fighting (Major) at 8:04, Corban Knight (SYR) for Tripping (Minor) at 8:54, Zach Trotman (SYR) for Fighting (Major) at 10:19, Nolan Yonkman (BRI) for Fighting (Major) at 10:19, Jed Ortmeyer (BRI) for Hooking (Minor) at 17:00, Nick Jensen (SYR) for Fighting (Major) at 19:25, Will Weber (BRI) for Fighting (Major) at 19:25

3rd period

4. Crunch , Corban Knight 1 (Nick Jensen, Jordin Tootoo) at 6:59
5. Tigers , Anthony Peluso 1 (Connor Carrick, Harry Zolnierczyk) at 7:17

Penalties :
Will Weber (BRI) for Roughing (Minor) at 10:47, Andre Petersson (SYR) for Slashing (Minor) at 15:43

Goalie Stats

Cam Ward (BRI), 32 saves from 33 shots - (0.970), W, 5-1-0, 60:00 minutes
John Curry (SYR), 11 saves from 13 shots - (0.846), L, 2-3-1, 30:39 minutes
Richard Bachman (SYR), 7 saves from 9 shots - (0.778), 29:21 minutes

Players Stats for Tigers

Player Name              G  A  P  +/- PIM S  H  SB GA TA FO     MP     PP MP  PK MP  
------------------------------------------------------------------------------------
A.J. Gale                0  0  0   0  0   1  2  0  0  0  0/1    12:51   0:22   1:06 
Adam Comrie              0  0  0   1  0   0  0  2  0  2  0/0    18:33   1:28   3:35 
Alexander Khokhlachev    1  1  2   0  0   2  1  0  1  2  11/25  25:23   2:13   3:44 
Anthony Peluso           1  0  1   1  0   4  1  0  0  1  0/0    12:55   0:00   2:21 
Austin Levi              0  0  0   0  0   0  0  0  0  0  0/0    16:10   0:00   2:12 
Ben Blood                0  0  0   0  0   0  0  0  0  0  0/0     0:00   0:00   0:00 
Brandon Bollig           0  0  0   0  0   2  1  1  2  0  0/2    19:48   1:30   1:38 
Brandon DeFazio          0  0  0   1  0   0  2  0  2  0  2/4    15:56   0:53   1:10 
Carter Rowney            0  0  0   0  0   0  0  0  0  0  0/0     1:59   0:00   0:00 
Connor Carrick           2  2  4   1  0   7  0  1  1  3  0/0    28:22   2:46   4:42 
Geoff Walker             0  0  0   0  0   0  0  1  0  0  0/0     2:09   0:00   0:00 
Harry Zolnierczyk        0  1  1   1  2   2  0  1  2  0  4/13   22:47   1:30   0:00 
Jed Ortmeyer             0  2  2   0  2   2  0  0  1  1  0/1    20:13   2:30   4:15 
Kane Lafranchise         0  0  0   0  0   0  1  1  0  2  0/0    22:24   1:43   3:14 
Nolan Yonkman            0  0  0   0  7   0  1  1  0  1  0/0    20:54   1:43   2:09 
Toby Petersen            0  0  0   0  0   2  2  2  0  0  0/0    17:11   1:30   0:00 
Ty Rattie                0  0  0   0  0   0  2  1  1  1  0/0    19:04   2:59   1:38 
Will Weber               0  0  0   0  12  0  1  0  0  1  0/0    15:08   1:18   0:00 

Players Stats for Crunch

Player Name              G  A  P  +/- PIM S  H  SB GA TA FO     MP     PP MP  PK MP  
------------------------------------------------------------------------------------
Andre Petersson          0  0  0  -1  4   2  1  1  1  0  1/2    18:34   3:48   0:00 
Anton Zlobin             0  0  0   0  0   3  0  0  0  1  0/0    10:55   0:00   0:00 
Brodie Reid              0  0  0  -1  0   1  1  0  0  0  0/0     7:26   0:00   0:00 
Chad Billins             0  0  0  -2  0   0  3  1  3  1  0/0    24:26   4:40   1:20 
Corban Knight            1  0  1   1  2   1  0  1  0  0  8/12   18:22   4:08   0:00 
Danny Syvret             0  0  0  -2  5   1  3  1  0  0  0/0    23:01   4:40   1:16 
Eriah Hayes              0  0  0   1  0   2  4  0  1  0  0/1    18:23   4:08   0:00 
Jordin Tootoo            0  1  1   1  2   3  2  0  4  0  0/1    18:31   4:08   0:00 
Karl Stollery            0  0  0   0  0   1  1  2  0  0  0/0    18:30   3:16   0:00 
Markus Lauridsen         0  0  0   1  0   1  1  1  1  0  0/0    18:17   0:00   3:09 
Matt Lindblad            0  0  0  -1  0   4  0  0  2  0  0/0     9:59   0:00   2:24 
Nick Jensen              0  1  1   1  5   0  2  1  0  2  0/0    18:36   0:00   3:13 
Phillip Danault          0  0  0  -1  0   3  0  0  3  0  3/3     9:59   0:00   2:24 
Ryan Strome              0  0  0  -1  0   2  0  1  2  0  10/16  18:01   3:48   0:00 
Stanislav Galiev         0  0  0   0  0   3  1  1  1  0  0/0    13:35   0:00   2:05 
Taylor Pyatt             0  0  0  -1  0   3  1  1  6  0  0/1    18:01   3:48   0:00 
Travis Oleksuk           0  0  0   0  0   3  1  0  1  0  7/10   13:35   0:00   2:05 
Zach Trotman             0  0  0   0  5   0  0  0  0  1  0/0    17:03   3:16   0:00 

3 Stars

1 - Connor Carrick (BRI)
2 - Cam Ward (BRI)
3 - Alexander Khokhlachev (BRI)

Power Play

Tigers - 2 on 4 Attempt(s) - 50.00%
Crunch - 0 on 4 Attempt(s) - 0.00%

Penalty Kill

Tigers - 4 on 4 Attempt(s) - 100.00% - Score 0 goal in Penalty Kill
Crunch - 2 on 4 Attempt(s) - 50.00% - Score 0 goal in Penalty Kill

Official

Referees : Unknown
Linesman : Unknown

Game Notes

Danny Syvret and Will Weber fight to a draw at 8:04 of 2nd period
Zach Trotman and Nolan Yonkman fight to a draw at 10:19 of 2nd period
John Curry is injured at 10:39 of 2nd period (Bruised Right Shoulder)
Richard Bachman enters game at 10:39 of 2nd period
Will Weber beats up Nick Jensen at 19:25 of 2nd period
Adam Comrie is injured at 6:18 of 3rd period (Left Knee)

Finance

Level 1 -- Attendance: 1549 (77.45%) -- Ticket Income $54,215
Level 2 -- Attendance: 777 (77.70%) -- Ticket Income $11,655
Total Attendance: 2326 (77.53%)
Total Ticket Income: $65,870
Other Income: $32,276
Total Income: $98,146

Tigers

5 vs 5 Forward 
   Center                   Left Wing                Right Wing               Time % Phy DF OF 
 1 Alexander Khokhlachev    Jed Ortmeyer             Ty Rattie                35     1   2  2  
 2 Harry Zolnierczyk        Brandon Bollig           Toby Petersen            30     1   2  2  
 3 Alexander Khokhlachev    Harry Zolnierczyk        Anthony Peluso           22     1   2  2  
 4 A.J. Gale                Brandon DeFazio          Alexander Khokhlachev    13     1   2  2  

5 vs 5 Defense 
   Defense                  Defense                                           Time % Phy DF OF 
 1 Connor Carrick           Adam Comrie                                       35     1   2  2  
 2 Nolan Yonkman            Kane Lafranchise                                  30     1   2  2  
 3 Will Weber               Austin Levi                                       22     1   2  2  
 4 Connor Carrick           Adam Comrie                                       13     1   2  2  

PowerPlay Forward 
   Center                   Left Wing                Right Wing               Time % Phy DF OF 
 1 Alexander Khokhlachev    Jed Ortmeyer             Ty Rattie                60     1   2  2  
 2 Harry Zolnierczyk        Brandon Bollig           Toby Petersen            40     1   2  2  

PowerPlay Defense
   Defense                  Defense                                           Time % Phy DF OF 
 1 Connor Carrick           Adam Comrie                                       60     1   2  2  
 2 Nolan Yonkman            Kane Lafranchise                                  40     1   2  2  

Penalty Kill 4 Players Forward 
   Center                   Wing                     Time % Phy DF OF 
 1 Alexander Khokhlachev    Jed Ortmeyer             60     1   2  2  
 2 Brandon Bollig           Ty Rattie                40     1   2  2  

Penalty Kill 4 Players Defense
   Defense                  Defense                  Time % Phy DF OF 
 1 Connor Carrick           Adam Comrie              60     1   2  2  
 2 Nolan Yonkman            Kane Lafranchise         40     1   2  2  

Penalty Kill - 3 Players Forward 
   Forward                                           Time % Phy DF OF 
 1 Alexander Khokhlachev                             60     1   2  2  
 2 Jed Ortmeyer                                      40     1   2  2  

Penalty Kill - 3 Players Defense
   Defense                  Defense                  Time % Phy DF OF 
 1 Connor Carrick           Adam Comrie              60     1   2  2  
 2 Nolan Yonkman            Kane Lafranchise         40     1   2  2  

4 vs 4 Forward 
   Center                   Wing                     Time % Phy DF OF 
 1 Alexander Khokhlachev    Jed Ortmeyer             60     1   2  2  
 2 Brandon Bollig           Ty Rattie                40     1   2  2  

4 vs 4 Defense
   Defense                  Defense                  Time % Phy DF OF 
 1 Connor Carrick           Adam Comrie              60     1   2  2  
 2 Nolan Yonkman            Kane Lafranchise         40     1   2  2  

Last Minutes Offensive
   Center                   Left Wing                Right Wing               Defense                  Defense                  
   Alexander Khokhlachev    Jed Ortmeyer             Ty Rattie                Connor Carrick           Adam Comrie              

Last Minutes Defensive
   Center                   Left Wing                Right Wing               Defense                  Defense                  
   Alexander Khokhlachev    Jed Ortmeyer             Ty Rattie                Connor Carrick           Adam Comrie              

Goaltenders
Starting : Cam Ward                 
Backup : Andrew Hammond           

Extra Forwards
Normal : Harry Zolnierczyk, Brandon DeFazio, Anthony Peluso - PP : Harry Zolnierczyk, Brandon DeFazio - PK : Anthony Peluso
Extra Defensemen
Normal : Will Weber, Austin Levi, Nolan Yonkman - PP : Will Weber - PK : Austin Levi, Nolan Yonkman
Penalty Shots
Alexander Khokhlachev, Jed Ortmeyer, Brandon Bollig, Ty Rattie, Harry Zolnierczyk

Crunch

5 vs 5 Forward 
   Center                   Left Wing                Right Wing               Time % Phy DF OF 
 1 Ryan Strome              Andre Petersson          Taylor Pyatt             30     0   2  3  
 2 Corban Knight            Jordin Tootoo            Eriah Hayes              30     1   2  2  
 3 Travis Oleksuk           Stanislav Galiev         Anton Zlobin             25     0   2  3  
 4 Phillip Danault          Matt Lindblad            Brodie Reid              15     1   2  2  

5 vs 5 Defense 
   Defense                  Defense                                           Time % Phy DF OF 
 1 Danny Syvret             Chad Billins                                      34     1   2  2  
 2 Zach Trotman             Karl Stollery                                     33     1   2  2  
 3 Nick Jensen              Markus Lauridsen                                  33     1   2  2  
 4 Danny Syvret             Chad Billins                                      0      0   5  0  

PowerPlay Forward 
   Center                   Left Wing                Right Wing               Time % Phy DF OF 
 1 Ryan Strome              Andre Petersson          Taylor Pyatt             60     0   1  4  
 2 Corban Knight            Jordin Tootoo            Eriah Hayes              40     0   2  3  

PowerPlay Defense
   Defense                  Defense                                           Time % Phy DF OF 
 1 Danny Syvret             Chad Billins                                      60     0   2  3  
 2 Zach Trotman             Karl Stollery                                     40     0   2  3  

Penalty Kill 4 Players Forward 
   Center                   Wing                     Time % Phy DF OF 
 1 Travis Oleksuk           Stanislav Galiev         50     1   4  0  
 2 Phillip Danault          Matt Lindblad            50     1   4  0  

Penalty Kill 4 Players Defense
   Defense                  Defense                  Time % Phy DF OF 
 1 Nick Jensen              Markus Lauridsen         50     1   4  0  
 2 Danny Syvret             Chad Billins             50     1   4  0  

Penalty Kill - 3 Players Forward 
   Forward                                           Time % Phy DF OF 
 1 Travis Oleksuk                                    50     1   4  0  
 2 Phillip Danault                                   50     1   4  0  

Penalty Kill - 3 Players Defense
   Defense                  Defense                  Time % Phy DF OF 
 1 Nick Jensen              Markus Lauridsen         50     1   4  0  
 2 Danny Syvret             Chad Billins             50     1   4  0  

4 vs 4 Forward 
   Center                   Wing                     Time % Phy DF OF 
 1 Ryan Strome              Taylor Pyatt             60     0   1  4  
 2 Corban Knight            Eriah Hayes              40     1   2  2  

4 vs 4 Defense
   Defense                  Defense                  Time % Phy DF OF 
 1 Danny Syvret             Chad Billins             50     1   2  2  
 2 Zach Trotman             Karl Stollery            50     1   2  2  

Last Minutes Offensive
   Center                   Left Wing                Right Wing               Defense                  Defense                  
   Ryan Strome              Andre Petersson          Taylor Pyatt             Danny Syvret             Chad Billins             

Last Minutes Defensive
   Center                   Left Wing                Right Wing               Defense                  Defense                  
   Ryan Strome              Andre Petersson          Taylor Pyatt             Danny Syvret             Chad Billins             

Goaltenders
Starting : John Curry               
Backup : Richard Bachman          

Extra Forwards
Normal : Ryan Strome, Eriah Hayes, Taylor Pyatt - PP : Ryan Strome, Eriah Hayes - PK : Taylor Pyatt
Extra Defensemen
Normal : Danny Syvret, Chad Billins, Zach Trotman - PP : Danny Syvret - PK : Danny Syvret, Chad Billins
Penalty Shots
Andre Petersson, Ryan Strome, Eriah Hayes, Jordin Tootoo, Corban Knight

% Time on Ice - Tigers

Lines # - Real PCT - Wanted PCT - Time Play
Normal Forward
1 - 32% - 35% - 15:21
2 - 35% - 30% - 16:39
3 - 15% - 22% - 7:07
4 - 18% - 13% - 8:28
Normal Defense
1 - 33% - 35% - 15:40
2 - 37% - 30% - 17:27
3 - 23% - 22% - 10:55
4 - 7% - 13% - 3:33
PP Forward
1 - 67% - 60% - 2:59
2 - 33% - 40% - 1:30
PP Defense
1 - 62% - 60% - 2:46
2 - 38% - 40% - 1:43
PK Forward
1 - 79% - 60% - 6:18
2 - 21% - 40% - 1:38
PK Defense
1 - 59% - 60% - 4:42
2 - 41% - 40% - 3:14
PK3 Forward
1 - 0% - 60%
2 - 0% - 40%
PK3 Defense
1 - 0% - 60%
2 - 0% - 40%
44 Forward
1 - 0% - 60%
2 - 0% - 40%
44 Defense
1 - 0% - 60%
2 - 0% - 40%
Last Minute Offensive  - 0:00
Last Minute Defensive  - 0:00
Total
Forward - 60:00
Defense - 60:00

% Time on Ice - Crunch

Lines # - Real PCT - Wanted PCT - Time Play
Normal Forward
1 - 31% - 30% - 14:50
2 - 30% - 30% - 14:24
3 - 23% - 25% - 10:55
4 - 16% - 15% - 7:26
Normal Defense
1 - 34% - 34% - 16:11
2 - 34% - 33% - 16:16
3 - 32% - 33% - 15:08
4 - 0% - 0% - 0:00
PP Forward
1 - 48% - 60% - 3:48
2 - 52% - 40% - 4:08
PP Defense
1 - 59% - 60% - 4:40
2 - 41% - 40% - 3:16
PK Forward
1 - 46% - 50% - 2:05
2 - 54% - 50% - 2:24
PK Defense
1 - 70% - 50% - 3:09
2 - 30% - 50% - 1:20
PK3 Forward
1 - 0% - 50%
2 - 0% - 50%
PK3 Defense
1 - 0% - 50%
2 - 0% - 50%
44 Forward
1 - 0% - 60%
2 - 0% - 40%
44 Defense
1 - 0% - 50%
2 - 0% - 50%
Last Minute Offensive  - 0:00
Last Minute Defensive  - 0:00
Total
Forward - 60:00
Defense - 60:00

Play by Play

1st period


0:01 of 1st period - Ryan Strome wins face-off versus Alexander Khokhlachev in neutral zone.
0:22 of 1st period - Minor Penalty to Andre Petersson for Hooking.
0:23 of 1st period - Alexander Khokhlachev wins face-off versus Travis Oleksuk in Crunch zone.
0:43 of 1st period - Slapshot by Connor Carrick.
0:43 of 1st period - Shot Misses the Net.
0:45 of 1st period - Snap shot by Jed Ortmeyer.
0:45 of 1st period - Shot Blocked by Nick Jensen.
0:47 of 1st period - Snap shot by Connor Carrick.
0:47 of 1st period - Deflect By Jed Ortmeyer.
0:47 of 1st period - Stopped by John Curry with a rebound.
0:49 of 1st period - Snap shot by Jed Ortmeyer.
0:49 of 1st period - Deflect By Alexander Khokhlachev.
0:49 of 1st period - Goal by Alexander Khokhlachev - Tigers : 1 - Crunch : 0.
0:50 of 1st period - Corban Knight wins face-off versus Harry Zolnierczyk in neutral zone.
1:16 of 1st period - Minor Penalty to Nolan Yonkman for Holding.
1:17 of 1st period - Andre Petersson wins face-off versus Alexander Khokhlachev in Tigers zone.
2:34 of 1st period - Ty Rattie is hit by Eriah Hayes and loses puck.
2:44 of 1st period - Off-side.
2:45 of 1st period - Alexander Khokhlachev wins face-off versus Ryan Strome in neutral zone.
3:08 of 1st period - Austin Levi is hit by Eriah Hayes and loses puck.
3:16 of 1st period - Penalty to Nolan Yonkman is over, Nolan Yonkman is back on ice.
3:29 of 1st period - Kane Lafranchise is hit by Jordin Tootoo and loses puck.
4:02 of 1st period - Nick Jensen is hit by Toby Petersen.
4:30 of 1st period - Chad Billins is hit by Alexander Khokhlachev.
4:40 of 1st period - Slapshot by Phillip Danault.
4:40 of 1st period - Stopped by Cam Ward with a rebound.
5:32 of 1st period - Slapshot by Taylor Pyatt.
5:32 of 1st period - Shot Misses the Net.
5:34 of 1st period - Slapshot by Danny Syvret.
5:34 of 1st period - Deflect By Kane Lafranchise.
5:34 of 1st period - Stopped by Cam Ward without a rebound.
5:35 of 1st period - Ryan Strome wins face-off versus Alexander Khokhlachev in Tigers zone.
6:10 of 1st period - Snap shot by Harry Zolnierczyk.
6:10 of 1st period - Shot Misses the Net.
6:30 of 1st period - Brandon DeFazio is hit by Danny Syvret and loses puck.
8:01 of 1st period - Wrist shot by Brandon DeFazio.
8:01 of 1st period - Shot Misses the Net.
8:52 of 1st period - Snap shot by Andre Petersson.
8:52 of 1st period - Shot Misses the Net.
8:54 of 1st period - Snap shot by Andre Petersson.
8:54 of 1st period - Shot Misses the Net.
8:56 of 1st period - Wrist shot by Nick Jensen.
8:56 of 1st period - Shot Blocked by Ty Rattie.
9:32 of 1st period - Snap shot by Matt Lindblad.
9:32 of 1st period - Stopped by Cam Ward with a rebound.
9:34 of 1st period - Snap shot by Matt Lindblad.
9:34 of 1st period - Stopped by Cam Ward without a rebound.
9:35 of 1st period - Ryan Strome wins face-off versus Brandon Bollig in Tigers zone.
10:33 of 1st period - Travis Oleksuk is hit by Brandon DeFazio and loses puck.
10:51 of 1st period - Minor Penalty to Jordin Tootoo for Hooking.
10:52 of 1st period - Travis Oleksuk wins face-off versus Alexander Khokhlachev in Crunch zone.
11:27 of 1st period - Phillip Danault is hit by Toby Petersen and loses puck.
12:03 of 1st period - Stanislav Galiev is hit by Ty Rattie.
12:51 of 1st period - Penalty to Jordin Tootoo is over, Jordin Tootoo is back on ice.
12:53 of 1st period - Jed Ortmeyer is hit by Chad Billins and loses puck.
13:26 of 1st period - Snap shot by Taylor Pyatt.
13:26 of 1st period - Stopped by Cam Ward with a rebound.
13:28 of 1st period - Slapshot by Karl Stollery.
13:28 of 1st period - Shot Misses the Net.
13:58 of 1st period - Corban Knight is hit by Will Weber and loses puck.
14:19 of 1st period - Alexander Khokhlachev is hit by Karl Stollery and loses puck.
14:36 of 1st period - Stanislav Galiev is hit by Nolan Yonkman and loses puck.
14:45 of 1st period - Connor Carrick is hit by Travis Oleksuk and loses puck.
17:13 of 1st period - Backhand shot by Chad Billins.
17:13 of 1st period - Shot Misses the Net.
17:15 of 1st period - Wrist shot by Brodie Reid.
17:15 of 1st period - Shot Blocked by Geoff Walker.
17:17 of 1st period - Snap shot by Phillip Danault.
17:17 of 1st period - Stopped by Cam Ward with a rebound.
17:19 of 1st period - Snap shot by Brodie Reid.
17:19 of 1st period - Shot Blocked by Adam Comrie.
17:53 of 1st period - Slapshot by Ty Rattie.
17:53 of 1st period - Shot Blocked by Ryan Strome.
17:55 of 1st period - Snap shot by Jed Ortmeyer.
17:55 of 1st period - Stopped by John Curry with a rebound.
18:15 of 1st period - Wrist shot by Brandon Bollig.
18:15 of 1st period - Stopped by John Curry with a rebound.
19:14 of 1st period - Connor Carrick is hit by Brodie Reid and loses puck.
19:27 of 1st period - Ty Rattie is hit by Jordin Tootoo.
19:36 of 1st period - Snap shot by Connor Carrick.
19:36 of 1st period - Shot Blocked by Karl Stollery.
19:38 of 1st period - Slapshot by Connor Carrick.
19:38 of 1st period - Stopped by John Curry with a rebound.
19:40 of 1st period - Wrist shot by A.J. Gale.
19:40 of 1st period - Stopped by John Curry with a rebound.
Goals for this period are 1 for Tigers vs 0 for Crunch.
Shots for this period are 6 for Tigers vs 6 for Crunch.

2nd period


0:01 of 2nd period - Ryan Strome wins face-off versus Harry Zolnierczyk in neutral zone.
0:18 of 2nd period - Snap shot by Taylor Pyatt.
0:18 of 2nd period - Shot Blocked by Harry Zolnierczyk.
0:54 of 2nd period - Jed Ortmeyer is hit by Eriah Hayes and loses puck.
1:09 of 2nd period - Jed Ortmeyer is hit by Danny Syvret and loses puck.
1:49 of 2nd period - Wrist shot by Stanislav Galiev.
1:49 of 2nd period - Shot Blocked by Nolan Yonkman.
1:51 of 2nd period - Slapshot by Markus Lauridsen.
1:51 of 2nd period - Shot Blocked by Kane Lafranchise.
3:18 of 2nd period - Snap shot by Ryan Strome.
3:18 of 2nd period - Shot Hit the Post.
3:20 of 2nd period - Slapshot by Markus Lauridsen.
3:20 of 2nd period - Shot Misses the Net.
3:22 of 2nd period - Snap shot by Andre Petersson.
3:22 of 2nd period - Stopped by Cam Ward without a rebound.
3:23 of 2nd period - Alexander Khokhlachev wins face-off versus Corban Knight in Tigers zone.
3:23 of 2nd period - Alexander Khokhlachev is hit by Nick Jensen.
3:59 of 2nd period - Wrist shot by Eriah Hayes.
3:59 of 2nd period - Deflect By Jed Ortmeyer.
3:59 of 2nd period - Shot Blocked by Connor Carrick.
3:59 of 2nd period - Puck is out of play.
4:00 of 2nd period - Travis Oleksuk wins face-off versus Harry Zolnierczyk in Tigers zone.
4:01 of 2nd period - Snap shot by Stanislav Galiev.
4:01 of 2nd period - Stopped by Cam Ward with a rebound.
4:03 of 2nd period - Snap shot by Stanislav Galiev.
4:03 of 2nd period - Stopped by Cam Ward with a rebound.
4:05 of 2nd period - Slapshot by Anton Zlobin.
4:05 of 2nd period - Stopped by Cam Ward with a rebound.
4:23 of 2nd period - Snap shot by Stanislav Galiev.
4:23 of 2nd period - Shot Blocked by Toby Petersen.
4:28 of 2nd period - Minor Penalty to Harry Zolnierczyk for Holding.
4:29 of 2nd period - Alexander Khokhlachev wins face-off versus Taylor Pyatt in Tigers zone.
5:19 of 2nd period - Wrist shot by Jordin Tootoo.
5:19 of 2nd period - Stopped by Cam Ward with a rebound.
5:31 of 2nd period - Slapshot by Jordin Tootoo.
5:31 of 2nd period - Shot Misses the Net.
5:33 of 2nd period - Slapshot by Zach Trotman.
5:33 of 2nd period - Deflect By Eriah Hayes.
5:33 of 2nd period - Stopped by Cam Ward with a rebound.
6:28 of 2nd period - Penalty to Harry Zolnierczyk is over, Harry Zolnierczyk is back on ice.
7:05 of 2nd period - Backhand shot by Travis Oleksuk.
7:05 of 2nd period - Stopped by Cam Ward with a rebound.
7:07 of 2nd period - Slapshot by Nick Jensen.
7:07 of 2nd period - Shot Blocked by Brandon Bollig.
7:19 of 2nd period - Icing by Ty Rattie.
7:20 of 2nd period - Phillip Danault wins face-off versus Brandon Bollig in Tigers zone.
8:04 of 2nd period - Danny Syvret and Will Weber fight to a draw.
8:04 of 2nd period - Penalty to Danny Syvret for Fighting.
8:04 of 2nd period - Penalty to Will Weber for Fighting.
8:05 of 2nd period - Ryan Strome wins face-off versus Alexander Khokhlachev in Crunch zone.
8:34 of 2nd period - Wrist shot by Ryan Strome.
8:34 of 2nd period - Shot Misses the Net.
8:36 of 2nd period - Wrist shot by Andre Petersson.
8:36 of 2nd period - Stopped by Cam Ward without a rebound.
8:37 of 2nd period - Alexander Khokhlachev wins face-off versus Corban Knight in Tigers zone.
8:52 of 2nd period - Slapshot by Anthony Peluso.
8:52 of 2nd period - Stopped by John Curry with a rebound.
8:54 of 2nd period - Minor Penalty to Corban Knight for Tripping.
8:55 of 2nd period - Travis Oleksuk wins face-off versus Alexander Khokhlachev in Crunch zone.
8:58 of 2nd period - Slapshot by Connor Carrick.
8:58 of 2nd period - Goal by Connor Carrick - Tigers : 2 - Crunch : 0.
8:59 of 2nd period - Corban Knight wins face-off versus Harry Zolnierczyk in neutral zone.
9:04 of 2nd period - Snap shot by Jordin Tootoo.
9:04 of 2nd period - Stopped by Cam Ward with a rebound.
9:14 of 2nd period - Wrist shot by Brandon Bollig.
9:14 of 2nd period - Stopped by John Curry with a rebound.
9:16 of 2nd period - Snap shot by Harry Zolnierczyk.
9:16 of 2nd period - Stopped by John Curry with a rebound.
9:49 of 2nd period - Slapshot by Connor Carrick.
9:49 of 2nd period - Stopped by John Curry with a rebound.
9:51 of 2nd period - Snap shot by Kane Lafranchise.
9:51 of 2nd period - Deflect By Jed Ortmeyer.
9:51 of 2nd period - Shot Blocked by Chad Billins.
9:51 of 2nd period - Puck is out of play.
9:52 of 2nd period - Ryan Strome wins face-off versus Alexander Khokhlachev in Crunch zone.
10:18 of 2nd period - Off-side.
10:19 of 2nd period - Travis Oleksuk wins face-off versus Harry Zolnierczyk in neutral zone.
10:19 of 2nd period - Zach Trotman and Nolan Yonkman fight to a draw.
10:19 of 2nd period - Penalty to Zach Trotman for Fighting.
10:19 of 2nd period - Penalty to Nolan Yonkman for Fighting.
10:20 of 2nd period - Harry Zolnierczyk wins face-off versus Ryan Strome in neutral zone.
10:25 of 2nd period - Snap shot by Brandon Bollig.
10:25 of 2nd period - Shot Misses the Net.
10:27 of 2nd period - Wrist shot by Toby Petersen.
10:27 of 2nd period - Stopped by John Curry with a rebound.
10:29 of 2nd period - Slapshot by Connor Carrick.
10:29 of 2nd period - Shot Blocked by Taylor Pyatt.
10:35 of 2nd period - Snap shot by Harry Zolnierczyk.
10:35 of 2nd period - Shot Misses the Net.
10:37 of 2nd period - Slapshot by Harry Zolnierczyk.
10:37 of 2nd period - Shot Misses the Net.
10:39 of 2nd period - Wrist shot by Harry Zolnierczyk.
10:39 of 2nd period - Stopped by John Curry without a rebound.
10:39 of 2nd period - John Curry from Crunch is injured at 10:39 of 2nd period (Bruised Right Shoulder).
10:39 of 2nd period - Richard Bachman enters game.
10:40 of 2nd period - Alexander Khokhlachev wins face-off versus Ryan Strome in Crunch zone.
10:58 of 2nd period - Harry Zolnierczyk is hit by Andre Petersson and loses puck.
11:43 of 2nd period - Off-side.
11:44 of 2nd period - Alexander Khokhlachev wins face-off versus Travis Oleksuk in neutral zone.
14:04 of 2nd period - Slapshot by Connor Carrick.
14:04 of 2nd period - Stopped by Richard Bachman without a rebound.
14:05 of 2nd period - Phillip Danault wins face-off versus Brandon DeFazio in Crunch zone.
14:12 of 2nd period - Slapshot by Connor Carrick.
14:12 of 2nd period - Shot Misses the Net.
14:14 of 2nd period - Snap shot by Connor Carrick.
14:14 of 2nd period - Goal by Connor Carrick - Tigers : 3 - Crunch : 0.
14:15 of 2nd period - Alexander Khokhlachev wins face-off versus Ryan Strome in neutral zone.
14:33 of 2nd period - Slapshot by Connor Carrick.
14:33 of 2nd period - Stopped by Richard Bachman with a rebound.
14:46 of 2nd period - Off-side.
14:47 of 2nd period - Harry Zolnierczyk wins face-off versus Eriah Hayes in neutral zone.
15:26 of 2nd period - Wrist shot by Alexander Khokhlachev.
15:26 of 2nd period - Stopped by Richard Bachman with a rebound.
16:23 of 2nd period - Slapshot by Travis Oleksuk.
16:23 of 2nd period - Stopped by Cam Ward without a rebound.
16:24 of 2nd period - Brandon DeFazio wins face-off versus Andre Petersson in Tigers zone.
17:00 of 2nd period - Minor Penalty to Jed Ortmeyer for Hooking.
17:01 of 2nd period - Corban Knight wins face-off versus Alexander Khokhlachev in Tigers zone.
17:46 of 2nd period - Wrist shot by Ryan Strome.
17:46 of 2nd period - Stopped by Cam Ward with a rebound.
17:48 of 2nd period - Snap shot by Ryan Strome.
17:48 of 2nd period - Shot Misses the Net.
18:08 of 2nd period - Danny Syvret is hit by A.J. Gale and loses puck.
19:00 of 2nd period - Penalty to Jed Ortmeyer is over, Jed Ortmeyer is back on ice.
19:09 of 2nd period - Will Weber is hit by Danny Syvret and loses puck.
19:16 of 2nd period - Snap shot by Stanislav Galiev.
19:16 of 2nd period - Shot Blocked by Toby Petersen.
19:25 of 2nd period - Will Weber beats up Nick Jensen.
19:25 of 2nd period - Penalty to Nick Jensen for Fighting.
19:25 of 2nd period - Penalty to Will Weber for Fighting.
19:26 of 2nd period - Harry Zolnierczyk wins face-off versus Travis Oleksuk in Tigers zone.
Goals for this period are 2 for Tigers vs 0 for Crunch.
Shots for this period are 11 for Tigers vs 11 for Crunch.

3rd period


0:01 of 3rd period - Alexander Khokhlachev wins face-off versus Corban Knight in neutral zone.
0:14 of 3rd period - Slapshot by Jordin Tootoo.
0:14 of 3rd period - Shot Misses the Net.
0:24 of 3rd period - Snap shot by Anthony Peluso.
0:24 of 3rd period - Stopped by Richard Bachman without a rebound.
0:25 of 3rd period - Ryan Strome wins face-off versus Alexander Khokhlachev in Crunch zone.
1:12 of 3rd period - Snap shot by Anton Zlobin.
1:12 of 3rd period - Stopped by Cam Ward with a rebound.
1:30 of 3rd period - Snap shot by Stanislav Galiev.
1:30 of 3rd period - Shot Misses the Net.
1:34 of 3rd period - Snap shot by Travis Oleksuk.
1:34 of 3rd period - Deflect By Anton Zlobin.
1:34 of 3rd period - Stopped by Cam Ward with a rebound.
1:52 of 3rd period - Kane Lafranchise is hit by Markus Lauridsen and loses puck.
2:34 of 3rd period - Wrist shot by Matt Lindblad.
2:34 of 3rd period - Stopped by Cam Ward without a rebound.
2:35 of 3rd period - Phillip Danault wins face-off versus A.J. Gale in Tigers zone.
2:53 of 3rd period - Wrist shot by Phillip Danault.
2:53 of 3rd period - Shot Misses the Net.
2:55 of 3rd period - Snap shot by Matt Lindblad.
2:55 of 3rd period - Shot Misses the Net.
2:57 of 3rd period - Slapshot by Karl Stollery.
2:57 of 3rd period - Shot Misses the Net.
3:07 of 3rd period - Snap shot by Phillip Danault.
3:07 of 3rd period - Shot Blocked by Adam Comrie.
3:09 of 3rd period - Wrist shot by Brodie Reid.
3:09 of 3rd period - Stopped by Cam Ward with a rebound.
3:11 of 3rd period - Slapshot by Karl Stollery.
3:11 of 3rd period - Stopped by Cam Ward with a rebound.
3:13 of 3rd period - Slapshot by Phillip Danault.
3:13 of 3rd period - Shot Misses the Net.
4:14 of 3rd period - Snap shot by Anton Zlobin.
4:14 of 3rd period - Shot Misses the Net.
4:18 of 3rd period - Backhand shot by Stanislav Galiev.
4:18 of 3rd period - Stopped by Cam Ward with a rebound.
4:20 of 3rd period - Slapshot by Markus Lauridsen.
4:20 of 3rd period - Stopped by Cam Ward with a rebound.
4:22 of 3rd period - Wrist shot by Anton Zlobin.
4:22 of 3rd period - Shot Misses the Net.
5:05 of 3rd period - Austin Levi is hit by Eriah Hayes and loses puck.
5:36 of 3rd period - Kane Lafranchise is hit by Nick Jensen and loses puck.
5:53 of 3rd period - Wrist shot by Chad Billins.
5:53 of 3rd period - Shot Misses the Net.
5:55 of 3rd period - Wrist shot by Matt Lindblad.
5:55 of 3rd period - Stopped by Cam Ward with a rebound.
6:17 of 3rd period - Adam Comrie is hit by Chad Billins.
6:18 of 3rd period - Adam Comrie from Tigers is injured at 6:18 of 3rd period (Left Knee).
6:19 of 3rd period - Corban Knight wins face-off versus Alexander Khokhlachev in Tigers zone.
6:43 of 3rd period - Icing by Nick Jensen.
6:44 of 3rd period - Corban Knight wins face-off versus Alexander Khokhlachev in Crunch zone.
6:55 of 3rd period - Snap shot by Jordin Tootoo.
6:55 of 3rd period - Stopped by Cam Ward with a rebound.
6:57 of 3rd period - Wrist shot by Nick Jensen.
6:57 of 3rd period - Shot Misses the Net.
6:59 of 3rd period - Snap shot by Corban Knight.
6:59 of 3rd period - Goal by Corban Knight - Tigers : 3 - Crunch : 1.
7:00 of 3rd period - Ryan Strome wins face-off versus Alexander Khokhlachev in neutral zone.
7:13 of 3rd period - Slapshot by Connor Carrick.
7:13 of 3rd period - Shot Blocked by Andre Petersson.
7:15 of 3rd period - Slapshot by Connor Carrick.
7:15 of 3rd period - Shot Misses the Net.
7:17 of 3rd period - Wrist shot by Anthony Peluso.
7:17 of 3rd period - Goal by Anthony Peluso - Tigers : 4 - Crunch : 1.
7:18 of 3rd period - Alexander Khokhlachev wins face-off versus Ryan Strome in neutral zone.
7:43 of 3rd period - Slapshot by Connor Carrick.
7:43 of 3rd period - Stopped by Richard Bachman with a rebound.
8:11 of 3rd period - Icing by Will Weber.
8:12 of 3rd period - Alexander Khokhlachev wins face-off versus Jordin Tootoo in Tigers zone.
8:23 of 3rd period - Slapshot by Ty Rattie.
8:23 of 3rd period - Shot Blocked by Danny Syvret.
8:53 of 3rd period - Backhand shot by Toby Petersen.
8:53 of 3rd period - Deflect By Chad Billins.
8:53 of 3rd period - Shot Misses the Net.
8:53 of 3rd period - Puck is out of play.
8:54 of 3rd period - Travis Oleksuk wins face-off versus Harry Zolnierczyk in Crunch zone.
9:07 of 3rd period - Will Weber is hit by Stanislav Galiev and loses puck.
9:58 of 3rd period - Brodie Reid is hit by Kane Lafranchise.
10:05 of 3rd period - Icing by Ty Rattie.
10:06 of 3rd period - Brandon DeFazio wins face-off versus Ryan Strome in Tigers zone.
10:22 of 3rd period - Snap shot by Taylor Pyatt.
10:22 of 3rd period - Stopped by Cam Ward with a rebound.
10:39 of 3rd period - Nick Jensen is hit by Brandon Bollig and loses puck.
10:47 of 3rd period - Minor Penalty to Will Weber for Roughing.
10:48 of 3rd period - Corban Knight wins face-off versus Alexander Khokhlachev in Tigers zone.
11:09 of 3rd period - Slapshot by Eriah Hayes.
11:09 of 3rd period - Stopped by Cam Ward without a rebound.
11:10 of 3rd period - Ryan Strome wins face-off versus Jed Ortmeyer in Tigers zone.
11:15 of 3rd period - Slapshot by Ryan Strome.
11:15 of 3rd period - Stopped by Cam Ward with a rebound.
11:17 of 3rd period - Wrist shot by Taylor Pyatt.
11:17 of 3rd period - Shot Misses the Net.
11:33 of 3rd period - Connor Carrick is hit by Taylor Pyatt and loses puck.
12:04 of 3rd period - Kane Lafranchise is hit by Chad Billins and loses puck.
12:47 of 3rd period - Penalty to Will Weber is over, Will Weber is back on ice.
12:48 of 3rd period - Off-side.
12:49 of 3rd period - Ryan Strome wins face-off versus Harry Zolnierczyk in neutral zone.
12:54 of 3rd period - Snap shot by Taylor Pyatt.
12:54 of 3rd period - Stopped by Cam Ward with a rebound.
13:08 of 3rd period - Wrist shot by Brandon Bollig.
13:08 of 3rd period - Deflect By Toby Petersen.
13:08 of 3rd period - Shot Misses the Net.
13:08 of 3rd period - Puck is out of play.
13:09 of 3rd period - Travis Oleksuk wins face-off versus Harry Zolnierczyk in Crunch zone.
13:40 of 3rd period - Wrist shot by Travis Oleksuk.
13:40 of 3rd period - Stopped by Cam Ward with a rebound.
13:56 of 3rd period - Matt Lindblad is hit by Brandon DeFazio and loses puck.
14:18 of 3rd period - Wrist shot by Phillip Danault.
14:18 of 3rd period - Stopped by Cam Ward without a rebound.
14:19 of 3rd period - Harry Zolnierczyk wins face-off versus Corban Knight in Tigers zone.
14:26 of 3rd period - Wrist shot by Toby Petersen.
14:26 of 3rd period - Stopped by Richard Bachman without a rebound.
14:27 of 3rd period - Corban Knight wins face-off versus Harry Zolnierczyk in Crunch zone.
15:43 of 3rd period - Minor Penalty to Andre Petersson for Slashing.
15:44 of 3rd period - Travis Oleksuk wins face-off versus Alexander Khokhlachev in Crunch zone.
16:47 of 3rd period - Stanislav Galiev is hit by Ty Rattie and loses puck.
17:11 of 3rd period - Slapshot by Connor Carrick.
17:11 of 3rd period - Shot Blocked by Markus Lauridsen.
17:43 of 3rd period - Penalty to Andre Petersson is over, Andre Petersson is back on ice.
18:07 of 3rd period - Wrist shot by Anthony Peluso.
18:07 of 3rd period - Stopped by Richard Bachman with a rebound.
18:15 of 3rd period - Slapshot by Anthony Peluso.
18:15 of 3rd period - Shot Misses the Net.
18:17 of 3rd period - Snap shot by Connor Carrick.
18:17 of 3rd period - Deflect By Anthony Peluso.
18:17 of 3rd period - Shot Blocked by Stanislav Galiev.
18:17 of 3rd period - Puck is out of play.
18:18 of 3rd period - Corban Knight wins face-off versus Brandon DeFazio in Crunch zone.
18:37 of 3rd period - Karl Stollery is hit by Anthony Peluso and loses puck.
18:58 of 3rd period - Slapshot by Harry Zolnierczyk.
18:58 of 3rd period - Shot Blocked by Corban Knight.
19:00 of 3rd period - Wrist shot by Harry Zolnierczyk.
19:00 of 3rd period - Shot Blocked by Karl Stollery.
19:51 of 3rd period - Chad Billins is hit by A.J. Gale and loses puck.
Goals for this period are 1 for Tigers vs 1 for Crunch.
Shots for this period are 5 for Tigers vs 16 for Crunch.


Output by the SimonT Hockey Simulator (STHS) for Eric Dolegowski -- Original Page W3C XHTML 1.0 Valid
Hockey Simulator - Hockey Simulation - Hockey Manager